 Dungeon Crawl Stone Soup version 0.30.0-29-ga12c61a403 (webtiles) character file.

Game seed: 16286668947328883142

1599 safid the Frost Mage (level 8, -7/65 HPs)
             Began as a Merfolk Ice Elementalist on June 9, 2023.
             Was an Initiate of Vehumet.
             Mangled by an orc warrior
             ... wielding a +0 battleaxe
              (13 damage)
             ... on level 6 of the Dungeon.
             The game lasted 00:07:57 (4994 turns).

safid the Frost Mage (Merfolk Ice Elementalist)     Turns: 4994, Time: 00:07:57

Health: -7/65      AC:  3    Str:  8    XL:     8   Next: 94%
Magic:  11/17      EV: 12    Int: 16    God:    Vehumet [......]
Gold:   196        SH:  0    Dex: 15    Spells: 12/19 levels left

rFire   . . .        n - +5 club (spect)
rCold   . . .        (no shield)
rNeg    . . .        a - +0 robe
rPois   .            v - +0 helmet
rElec   .            (no cloak)
rCorr   .            (no gloves)
SInv    +            (no boots)
Will    +....        (no amulet)
Stlth   ++           z - ring of see invisible
HPRegen 0.30/turn    x - ring of willpower
MPRegen 0.15/turn

%: no passive effects
@: no status effects
A: (nimble swimmer 2), mertail
a: Renounce Religion


You were on level 6 of the Dungeon.
You worshipped Vehumet.
Vehumet was noncommittal.
You visited 2 branches of the dungeon, and saw 7 of its levels.
You also visited: Sewer.

You collected 196 gold pieces.

Inventory:

Hand Weapons
 n - a +5 spectral club (weapon)
Armour
 a - a +0 robe (worn)
 v - a +0 helmet (worn)
Jewellery
 x - a ring of willpower (right hand)
 z - a ring of see invisible (left hand)
Wands
 h - a wand of roots (8)
Scrolls
 c - a scroll of vulnerability {unknown}
 d - 2 scrolls of silence {unknown}
 e - 5 scrolls of identify {unknown}
 f - a scroll of enchant weapon {unknown}
 g - a scroll of brand weapon {unknown}
 k - a scroll of noise {unknown}
 p - 2 scrolls of poison {unknown}
 q - 3 scrolls of summoning {unknown}
 r - 3 scrolls of teleportation {unknown}
 t - a scroll of blinking
 y - 2 scrolls of magic mapping {unknown}
 A - a scroll of fear {unknown}
Potions
 b - a potion of magic
 i - a potion of cancellation {unknown}
 j - 5 potions of curing {unknown}
 l - a potion of brilliance {unknown}
 m - 2 potions of lignification {unknown}
 o - 2 potions of ambrosia {unknown}
 s - a potion of flight {unknown}
 u - a potion of invisibility {unknown}
 w - a potion of mutation {unknown}
 B - a potion of degeneration {unknown}


   Skills:
 + Level 6.8 Fighting
 - Level 2.6 Dodging
 - Level 2.1 Stealth
 + Level 6.0 Spellcasting
 + Level 8.2 Ice Magic


You had 12 spell levels left.
You knew the following spells:

 Your Spells              Type           Power      Damage    Failure   Level
a - Freeze                Ice            100%       1d10      1%          1
b - Frozen Ramparts       Ice            62%        1d10      1%          3
c - Ozocubu's Armour      Ice            31%        N/A       1%          3

Your spell library contained the following spells:

 Spells                   Type           Power      Damage    Failure   Level
 Ensorcelled Hibernation  Hex/Ice        36%        N/A       3%          2
 Apportation              Tloc           8%         N/A       14%         1
 Necrotise                Necr           16%        1d4       14%         1
 Summon Small Mammal      Summ           16%        N/A       14%         1
 Cigotuvi's Dreadful Rot  Necr/Pois/Air  8%         N/A       21%         2
 Summon Ice Beast         Ice/Summ       18%        N/A       26%         4
 Ignite Poison            Fire/Tmut/Pois 4%         N/A       38%         3
 Spider Form              Tmut/Pois      4%         N/A       38%         3
 Volatile Blastmotes      Fire/Tloc      8%         2d10      38%         3
 Freezing Cloud           Conj/Ice/Air   6%         6-21      77%         5
 Anguish                  Hex/Necr       2%         N/A       80%         4
 Fulminant Prism          Conj/Hex       2%         3d5       80%         4
 Iskenderun's Mystic Bla  Conj/Tloc      4%         2d3       80%         4
 Lee's Rapid Deconstruct  Erth           2%         3d4*      98%         5


Dungeon Overview and Level Annotations

Branches:
Dungeon (6/15)             Temple (1/1) D:5           Sewer (visited)

Altars:
Dithmenos
Elyvilon
Fedhas
Gozag
Hepliaklqana
Makhleb
Okawaru
Ru
Sif Muna
Trog
Vehumet
Wu Jian
Xom
The Shining One

Shops:
D:5 (

Annotations:
D:2 1 runed translucent door, Crazy Yiuf, Natasha


Innate Abilities, Weirdness & Mutations

((You are very nimble when in or above water. (Stealth+, EV+, Speed+++)))
Your lower body shifts to a powerful aquatic tail in water.


Message History

Confirm with . or Enter, or press ? or * to list all spells.
Aiming: Freeze (safe; 1% risk of failure)
Press: ? - help, Shift-Dir - straight line, f - orc warrior
Aim: an orc warrior, wielding a +0 battleaxe and wearing a +0 chain mail (moderately wounded)
You freeze the orc warrior.
The orc warrior is moderately wounded.
The wall freezes the water moccasin.
The water moccasin seems to slow down.
The wall freezes the centaur but does no damage.
The wall freezes the orc warrior but does no damage.
The orc warrior hits you with a +0 battleaxe!
* * * LOW HITPOINT WARNING * * *
The wall freezes the water moccasin!
You kill the water moccasin!
Vehumet accepts your kill.
Your Ice Magic skill increases to level 8!
Casting: Freeze (safe; 1% risk of failure)
Confirm with . or Enter, or press ? or * to list all spells.
Aiming: Freeze (safe; 1% risk of failure)
Press: ? - help, Shift-Dir - straight line, f/p - orc warrior
Aim: an orc warrior, wielding a +0 battleaxe and wearing a +0 chain mail (moderately wounded)
You freeze the orc warrior!
The orc warrior is severely wounded.
The wall freezes the centaur.
You kill the centaur!
Vehumet accepts your kill.
The wall freezes the orc warrior but does no damage.
The orc warrior hits you with a +0 battleaxe!
* * * LOW HITPOINT WARNING * * *
Your Spellcasting skill increases to level 6!
Okay, then.
Casting: Freeze (safe; 1% risk of failure)
Confirm with . or Enter, or press ? or * to list all spells.
Aiming: Freeze (safe; 1% risk of failure)
Press: ? - help, Shift-Dir - straight line, f/p - orc warrior
Aim: an orc warrior, wielding a +0 battleaxe and wearing a +0 chain mail (severely wounded)
You freeze the orc warrior.
The orc warrior is almost dead.
The frozen ramparts melt away.
The orc warrior hits you with a +0 battleaxe!
You die...

+.........+. ...
#.........## #.#
##.......## #.#
##.....## ...
##...## #)# ##'##
#)# ###.# #o#
#...# # #@# #...##
##
#.#######....####.
#.............##..
##########.......#
##.##..## #.#..##
#.#.## #.#.#
#.#.##


You could see an orc warrior.

Vanquished Creatures
  Pikel (D:4)
  A water moccasin (D:6)
  2 centaurs
  A phantom (D:3)
  A gnoll sergeant (D:5)
  A bullfrog (Sewer)
  2 scorpions
  3 hounds
  A jelly (D:4)
  An orc priest (D:6)
  2 iguanas
  Jessica (D:2)
  2 orc wizards
  Natasha (twice) (D:2)
  5 gnolls (D:5)
  5 adders
  An ufetubus (D:4)
  5 worms
  2 dart slugs
  5 orcs
  6 endoplasms
  11 giant cockroaches
  10 goblins
  10 hobgoblins
  3 jackals (D:2)
  3 kobolds
  5 quokkas
  13 ball pythons
  2 bats
  13 frilled lizards
  6 rats
126 creatures vanquished.

Notes
Turn   | Place    | Note
-------+----------+-------------------------------------------
     0 | D:1      | safid the Merfolk Ice Elementalist began the quest for the
                  | Orb.
     0 | D:1      | Reached XP level 1. HP: 13/13 MP: 3/3
     6 | D:1      | Noticed a basilisk
     6 | D:1      | Noticed a tyrant leech
     6 | D:1      | Noticed a servant of whispers
     7 | D:1      | Noticed a hell rat
     7 | D:1      | Noticed a frost giant
   180 | D:1      | Reached XP level 2. HP: 20/20 MP: 5/5
   302 | D:1      | Reached skill level 1 in Fighting
   576 | D:1      | Reached XP level 3. HP: 22/26 MP: 1/6
   880 | D:2      | Noticed Jessica
   884 | D:2      | Noticed Natasha
   886 | D:2      | Killed Jessica
   887 | D:2      | Reached skill level 5 in Ice Magic
   887 | D:2      | Reached XP level 4. HP: 13/33 MP: 3/8
   914 | D:2      | Killed Natasha
  1165 | D:2      | Noticed Natasha
  1171 | D:2      | Killed Natasha
  1172 | D:2      | Reached XP level 5. HP: 39/39 MP: 9/9
  1490 | D:2      | Found a runed translucent door.
  1491 | D:2      | Noticed Crazy Yiuf
  1491 | D:2      | Noticed Natasha
  1647 | D:3      | Learned a level 3 spell: Frozen Ramparts
  1651 | D:3      | Learned a level 3 spell: Ozocubu's Armour
  1696 | D:3      | Noticed a phantom
  1704 | D:3      | Killed a phantom
  1893 | D:3      | Reached XP level 6. HP: 27/47 MP: 7/11
  1985 | D:3      | Found a blossoming altar of Fedhas.
  2091 | D:3      | Found a glowing drain.
  2099 | Sewer    | Entered a sewer
  2127 | Sewer    | Reached skill level 6 in Ice Magic
  2367 | D:3      | Reached XP level 7. HP: 52/54 MP: 13/13
  2568 | D:3      | Found a glowing golden altar of the Shining One.
  2621 | D:3      | Found a shadowy altar of Dithmenos.
  2963 | D:4      | Noticed Pikel
  2977 | D:4      | Killed Pikel
  2978 | D:4      | Reached skill level 5 in Fighting
  2978 | D:4      | Reached skill level 5 in Spellcasting
  2978 | D:4      | Reached skill level 7 in Ice Magic
  2978 | D:4      | Reached XP level 8. HP: 43/63 MP: 5/15
  3831 | D:5      | Entered Level 5 of the Dungeon
  3900 | D:5      | HP: 2/64 [gnoll/+0 halberd[a gnoll sergeant] (4)]
  4339 | D:5      | Found a staircase to the Ecumenical Temple.
  4340 | D:5      | Found Vaguiwn's Antique Weapon Emporium.
  4344 | Temple   | Entered the Ecumenical Temple
  4351 | Temple   | Became a worshipper of Vehumet
  4417 | D:5      | Found a hazy altar of Hepliaklqana.
  4993 | D:6      | Reached skill level 8 in Ice Magic
  4994 | D:6      | Mangled by an orc warrior

Illustrated notes

Levels and vault maps discovered:
D:1:      onia_arrival_zoo_common, layout_rooms, minmay_pentomino_p4
D:2:      layout_basic, uniq_natasha, uniq_crazy_yiuf_cottage, uniq_jessica
D:3:      layout_basic, lemuel_doored_altar, mainiacjoe_overflow_catwalk,
          lemuel_tele_altar, cheibrodos_sewer_entry_bend, st_stairs_10,
          serial_park_tiny_1
D:4:      layout_cave_pods, uniq_pikel
D:5:      layout_gridville, old_standard_altar, minmay_temple_entry_butterflies,
          serial_shops, nicolae_shop_peninsula, serial_glass, glass_columns_b,
          glass_columns_a
D:6:      layout_loops_corners, nemelex_spade_bored_becter, serial_shops,
          nicolae_shop_tiny_real_fake_doors, ebering_ghost_disaster_area
Temple:   eino_temple_lava

Skill      XL: |  1  2  3  4  5  6  7  8 |
---------------+-------------------------+-----
Fighting       | 1 2 3 4 5 6 |  6.8
Ice Magic      | 5 6 7 8 |  8.2
Spellcasting   | 3 4 5 6 |  6.0
Dodging        | |  2.6
Stealth        | |  2.1

Action                     |  1- 3 |  4- 6 |  7- 9 || total
---------------------------+-------+-------+-------++-------
  Melee: Unarmed           |    15 |       |       ||    15
         Dagger            |    30 |    27 |       ||    57
         Punch             |     1 |     2 |     1 ||     4
         Club              |       |   106 |    67 ||   173
         Tailslap          |       |     5 |       ||     5
   Cast: Freeze            |    27 |     7 |     9 ||    43
         Frozen Ramparts   |       |     3 |     8 ||    11
         Ozocubu's Armour  |       |       |     5 ||     5
    Use: Potion            |       |     1 |       ||     1
   Stab: Sleeping          |     3 |     4 |     1 ||     8
         Distracted        |       |       |     1 ||     1
 Armour: Robe              |     9 |    20 |    25 ||    54
  Dodge: Dodged            |    54 |    78 |    74 ||   206
